Workbook

Sheet Sheet1
A1: 盂县苌池镇西苌池村2026年农业农村基础设施以工代赈项目总概算表
A2: 序号 | B2: 工程或费用名称 | C2: 概算投资（万元） | H2: 经济技术指标 | K2: 占总投资比例（%） | L2: 其中：劳务报酬金额（万元） | M2: 劳务报酬占申报中央预算内资金比例（%） | N2: 备注
C3: 建筑工程 | D3: 安装工程 | E3: 设备购置 | F3: 其他费用 | G3: 合计 | H3: 单位 | I3: 数量 | J3: 单位造价（元）
A4: 一 | B4: 工程费用 | C4: =C5+C6+C7+C8+C9+C10+C11+C12 -> 704.777 | D4: =D5+D6+D7+D8+D9+D10+D11+D12 -> 179.953 | G4: =D4+C4 -> 884.73 | K4: =G4/939.46 -> 0.94174313 | L4: =L5+L6+L7+L8+L9+L10+L11+L12+L13 -> 383.535 | M4: =L4/799 -> 0.48001877
A5: 1 | B5: 街巷硬化（3.5—4米） | C5: 112.63 | G5: =D5+C5 -> 112.63 | H5: ㎡ | I5: 6000 | J5: 187.71667 | K5: =G5/939.46 -> 0.11988802 | L5: =[1]用工需求及劳务报酬测算!F3+[1]用工需求及劳务报酬测算!F4+[1]用工需求及劳务报酬测算!F5 -> 47.975
A6: 2 | B6: 街巷硬化（1.5—3.5米） | C6: 234.1 | G6: =D6+C6 -> 234.1 | H6: ㎡ | I6: 15600 | J6: 150.0641 | K6: =G6/939.46 -> 0.2491857 | L6: =[1]用工需求及劳务报酬测算!F6+[1]用工需求及劳务报酬测算!F7 -> 173.315
A7: 3 | B7: 麻河坡面治理工程 | C7: 7.17 | G7: =D7+C7 -> 7.17 | H7: ㎡ | I7: 845 | J7: 84.852071 | K7: =G7/939.46 -> 0.0076320439 | L7: =[1]用工需求及劳务报酬测算!F8+[1]用工需求及劳务报酬测算!F9 -> 3
A8: 4 | B8: 围墙 | C8: 17.32 | G8: =D8+C8 -> 17.32 | H8: m | I8: 160 | J8: 1082.5 | K8: =G8/939.46 -> 0.018436123 | L8: =[1]用工需求及劳务报酬测算!F10+[1]用工需求及劳务报酬测算!F11+[1]用工需求及劳务报酬测算!F12+[1]用工需求及劳务报酬测算!F13+[1]用工需求及劳务报酬测算!F14+[1]用工需求及劳务报酬测算!F15 -> 67.51
A9: 5 | B9: 管网工程（ DN300主管） | C9: =252.36*0.6 -> 151.416 | D9: =252.36*0.4 -> 100.944 | G9: =D9+C9 -> 252.36 | H9: m | I9: 7368 | J9: 342.50814 | K9: =G9/939.46 -> 0.2686224 | L9: =[1]用工需求及劳务报酬测算!F16+[1]用工需求及劳务报酬测算!F17+[1]用工需求及劳务报酬测算!F18+[1]用工需求及劳务报酬测算!F19+[1]用工需求及劳务报酬测算!F20+[1]用工需求及劳务报酬测算!F21 -> 4.54
A10: 6 | B10: 管网工程（ 支管） | C10: =88.62*0.7 -> 62.034 | D10: =88.62*0.3 -> 26.586 | G10: =D10+C10 -> 88.62 | H10: m | I10: 4960 | J10: 178.66935 | K10: =G10/939.46 -> 0.094330786 | L10: =[1]用工需求及劳务报酬测算!F22+[1]用工需求及劳务报酬测算!F23+[1]用工需求及劳务报酬测算!F24+[1]用工需求及劳务报酬测算!F25+[1]用工需求及劳务报酬测算!F26 -> 8.21
A11: 7 | B11: 管网工程（ 检查井） | C11: =171.41*0.7 -> 119.987 | D11: =171.41*0.3 -> 51.423 | G11: =D11+C11 -> 171.41 | H11: 个 | I11: 501 | J11: 3421.3573 | K11: =G11/939.46 -> 0.18245588 | L11: =[1]用工需求及劳务报酬测算!F27+[1]用工需求及劳务报酬测算!F28+[1]用工需求及劳务报酬测算!F29+[1]用工需求及劳务报酬测算!F30+[1]用工需求及劳务报酬测算!F31+[1]用工需求及劳务报酬测算!F32 -> 72.43
A12: 8 | B12: 管网工程（ 化粪池） | C12: 0.12 | D12: 1 | G12: =D12+C12 -> 1.12 | H12: 个 | I12: 1 | J12: 11200 | K12: =G12/939.46 -> 0.0011921742 | L12: =[1]用工需求及劳务报酬测算!F33+[1]用工需求及劳务报酬测算!F34+[1]用工需求及劳务报酬测算!F35 -> 0.055
A13: 9 | B13: 特殊用工 | L13: =[1]用工需求及劳务报酬测算!F36 -> 6.5
A14: 二 | B14: 工程建设其他费用 | F14: 52.73 | G14: =F14 -> 52.73 | K14: =G14/939.46 -> 0.056127988
A15: 1 | B15: 建设单位管理费 | F15: =G4*2/100*0.5 -> 8.8473 | G15: =F15 -> 8.8473 | K15: =G15/939.46 -> 0.0094174313
A16: 2 | B16: 勘察费 | F16: =G9*0.8/100+G11*0.8/100 -> 3.39016 | G16: =F16 -> 3.39016 | K16: =G16/939.46 -> 0.0036086262
A17: 3 | B17: 设计费 | F17: 19.5 | G17: =F17 -> 19.5 | K17: =G17/939.46 -> 0.020756605
A18: 4 | B18: 监理费 | F18: 11.12 | G18: =F18 -> 11.12 | K18: =G18/939.46 -> 0.011836587
A19: 5 | B19: 可研报告编制费 | F19: =3+2/1000*998 -> 4.996 | G19: =F19 -> 4.996 | K19: =G19/939.46 -> 0.0053179486
A20: 6 | B20: 造价咨询费 | F20: =G4*5.5/1000 -> 4.866015 | G20: =F20 -> 4.866015 | K20: =G20/939.46 -> 0.0051795872
A21: 三 | B21: 预备费 | F21: 2 | G21: =F21 -> 2 | K21: =G21/939.46 -> 0.0021288825
A22: 项目总投资（一+二+三） | G22: =G21+G14+G4 -> 939.46 | K22: =G22/939.46 -> 1
